General information
- name: dog
- type: Custom game
- host: HERNaNDO
- saver: HERNaNDO
map: TerenasStand
- players: 3
- length: 17:54
- speed: Fast
- version: 1.21 W3XP
- replay type: Public
» download(72 KB)
Players
team 1 (loser)
GOKUMaN69 (
green | 108 APM | 1938 actions | 17:53)
3 Far Seer
2 Feral Spirit
1 Chain Lighting
1 Goblin Tinker
1 Pocket Factory
» actions
| Assign group hotkey | 6 | |
| Basic commands | 3 | |
| Build / train | 47 | |
| Enter build submenu | 29 | |
| Enter hero's abilities submenu | 4 | |
| Remove unit from queue | 10 | |
| Right click | 1404 | |
| Select / deselect | 356 | |
| Select group hotkey | 8 | |
| Use ability | 71 | |
1938 total
» units
| Peon | 7 | |
| Grunt | 6 | |
| Troll Headhunter/Berserker | 8 | |
| Demolisher | 9 | |
30 total
» buildings
| Altar of Storms | 2 | |
| Orc Burrow | 4 | |
| Stronghold | 2 | |
| Barracks | 2 | |
| War Mill | 1 | |
| Watch Tower | 16 | |
| Voodoo Lounge | 1 | |
28 total
» build order
00:06 Altar of Storms
00:08 Altar of Storms
00:27 Orc Burrow
02:00 Stronghold
02:01 Stronghold
02:18 Orc Burrow
02:25 Barracks
02:32 War Mill
04:20 Orc Burrow
05:18 Watch Tower
05:18 Watch Tower
06:28 Watch Tower
06:45 Watch Tower
06:56 Orc Burrow
07:28 Watch Tower
07:55 Watch Tower
07:59 Watch Tower
08:41 Voodoo Lounge
09:18 Watch Tower
09:33 Watch Tower
09:35 Watch Tower
10:27 Watch Tower
11:33 Watch Tower
12:40 Watch Tower
12:42 Watch Tower
13:06 Watch Tower
13:12 Barracks
14:07 Watch Tower
» items
| Healing Salve | 1 | |
| Potion of Healing | 2 | |
| Potion of Mana | 1 | |
4 total
team 2 (winner)
1st_Panzer_Div. (
purple | 141 APM | 2524 actions | 17:54)
3 Goblin Tinker
2 Pocket Factory
1 Engineering Upgrade
4 Lich
2 Frost Nova
2 Frost Armor
1 Death Knight
1 Death Coil
» actions
| Assign group hotkey | 407 | |
| Basic commands | 190 | |
| Build / train | 53 | |
| ESC pressed | 5 | |
| Enter build submenu | 24 | |
| Enter hero's abilities submenu | 8 | |
| Right click | 667 | |
| Select / deselect | 375 | |
| Select group hotkey | 722 | |
| Use ability | 73 | |
2524 total
» units
| Acolyte | 7 | |
| Ghoul | 5 | |
| Crypt Fiend | 9 | |
| Meatwagon | 5 | |
| Obsidian Statue | 1 | |
| Goblin Sapper | 1 | |
| Abomination | 2 | |
30 total
» buildings
| Crypt | 3 | |
| Ziggurat | 7 | |
| Altar of Darkness | 1 | |
| Tomb of Relics | 1 | |
| Graveyard | 1 | |
| Nerubian Tower | 2 | |
| Halls of the Dead | 1 | |
| Slaughterhouse | 3 | |
| Spirit Tower | 1 | |
| Black Citadel | 1 | |
21 total
» build order
00:12 Crypt
00:14 Ziggurat
00:26 Altar of Darkness
01:02 Tomb of Relics
01:33 Graveyard
01:58 Ziggurat
03:04 Nerubian Tower
04:06 Halls of the Dead
05:35 Ziggurat
05:59 Ziggurat
06:15 Ziggurat
06:41 Nerubian Tower
06:53 Slaughterhouse
07:55 Slaughterhouse
08:11 Ziggurat
09:21 Slaughterhouse
10:35 Ziggurat
11:57 Spirit Tower
12:44 Black Citadel
13:30 Crypt
14:15 Crypt
» items
| Rod of Necromancy | 1 | |
| Orb of Corruption | 1 | |
2 total
refereesHERNaNDO Chat log
(00:06 / All) 1st_Panzer_Div.: he went orc/hu
(00:15 / All) 1st_Panzer_Div.: yea
(00:18 / All) 1st_Panzer_Div.: vs orc?
(00:20 / All) 1st_Panzer_Div.: not if I want to win
(00:29 / All) 1st_Panzer_Div.: haha
(00:30 / All) 1st_Panzer_Div.: yea
(00:38 / All) 1st_Panzer_Div.: it's the undead mirror unit
(00:42 / All) 1st_Panzer_Div.: whoever gets aboms first
(00:43 / All) 1st_Panzer_Div.: loses
(00:52 / All) 1st_Panzer_Div.: I do get necros vs NE
(00:53 / All) 1st_Panzer_Div.: that I will admit
(01:07 / All) 1st_Panzer_Div.: well it's a complex strat
(01:17 / All) 1st_Panzer_Div.: yea it si
(01:23 / All) 1st_Panzer_Div.: although ne mirror sucks ass too
(01:27 / All) 1st_Panzer_Div.: to wtach at least
(01:44 / All) 1st_Panzer_Div.: human mirrors can be fun
(01:48 / All) 1st_Panzer_Div.: but non-mirror is the best
(02:20 / All) 1st_Panzer_Div.: FAR SEER ALRET
(02:36 / All) 1st_Panzer_Div.: so
(02:43 / All) 1st_Panzer_Div.: I get this
(04:09 / All) 1st_Panzer_Div.: yea
(04:14 / All) 1st_Panzer_Div.: uhh
(04:16 / All) 1st_Panzer_Div.: luci
(04:22 / All) 1st_Panzer_Div.: not that particular one
(04:26 / All) 1st_Panzer_Div.: most of my stuff I do but
(04:42 / All) 1st_Panzer_Div.: far seer not
(04:49 / All) 1st_Panzer_Div.: reeping
(05:22 / All) 1st_Panzer_Div.: hmm
(06:03 / All) 1st_Panzer_Div.: ??
(06:36 / All) 1st_Panzer_Div.: lol
(08:08 / All) 1st_Panzer_Div.: Yea
(08:49 / All) 1st_Panzer_Div.: hmmm
(09:30 / All) 1st_Panzer_Div.: oh
(09:57 / All) 1st_Panzer_Div.: SHOT THROUGHT HE HEART
(10:16 / All) 1st_Panzer_Div.: no
(10:25 / All) 1st_Panzer_Div.: ugh
(12:06 / All) HERNaNDO: U Give Love... A Bad Name
(12:17 / All) 1st_Panzer_Div.: you got the timing perfect
(12:21 / All) HERNaNDO: lol
(15:43 / All) 1st_Panzer_Div.: did you see that?
(16:01 / All) 1st_Panzer_Div.: repairng the tinker unit
(16:14 / All) 1st_Panzer_Div.: lol
(17:08 / All) 1st_Panzer_Div.: fuck
(17:53 / All) 1st_Panzer_Div.: not enough army